Map: Polka LE

Players

qqq

  • Race: Zerg Zerg
  • Spawn Location: 5:00

Massa

  • Race: Terran Terran
  • League: Platinum
  • Spawn Location: 5:00

himsir - Winner!

  • Race: Terran Terran
  • League: Diamond
  • Spawn Location: 11:00

Alphonsekarr - Winner!

  • Race: Terran Terran
  • League: Diamond
  • Spawn Location: 11:00

VOD

Have the link to the VOD?

Description

Time

  • Played on: Nov. 15, 2020, 7:48 a.m.
  • Length: 19:35
Show
View Real Time Build Order
Export as new Build Order

qqq Zerg 

Build Orders: Hatch First 

Get SALT Encoding   

  12  0:00  Drone  
  13  0:12  Drone  
  14  0:20  Overlord  
  14  0:48  Hatchery  
  14  0:49  Drone  
  14  0:52  Drone  
  15  1:05  Drone  
  15  1:06  Drone  
  17  1:26  Extractor, Spawning Pool  
  17  1:32  Drone  
  16  1:33  Drone  
  16  1:35  Drone  
  18  1:45  Drone  
  19  2:00  Drone  
  20  2:02  Drone  
  20  2:05  Overlord  
  21  2:12  Queen  
  21  2:14  Queen  
  24  2:16  Drone  
  24  2:19  Zergling x2  
  26  2:28  Zergling x2  
  26  2:29  Metabolic Boost  
  27  2:37  Zergling x2  
  27  2:42  Spine Crawler  
  27  2:47  Drone, Zergling x4  
  29  3:00  Zergling x4  
  29  3:01  Drone  
  32  3:09  Zergling x2  
  32  3:11  Drone  
  34  3:19  Overlord  
  34  3:34  Zergling x4  
  34  3:36  Overlord x2  
  36  3:48  Zergling x6  
  39  3:50  Drone x3  
  42  4:00  Zergling x2  
  42  4:02  Drone  
  42  4:22  Zergling x8  
  42  4:23  Zergling x6  
  43  4:38  Zergling x2  
  43  4:39  Drone x3  
  43  4:40  Drone  
  42  5:03  Drone x2  
  42  5:06  Lair  
  44  5:08  Drone x3  
  44  5:11  Extractor  
  44  5:13  Drone x3  
  49  5:19  Drone x3  
  49  5:20  Drone  
  53  5:22  Extractor  
  53  5:24  Extractor  
  51  5:29  Overlord  
  51  5:35  Hatchery  
  42  6:00  Overlord x2  
  42  6:01  Overlord x2  
  42  6:09  Spire  
  41  6:15  Drone  
  41  6:16  Drone x4  
  46  6:23  Drone  
  47  6:26  Overlord x4  
  47  6:39  Evolution Chamber  
  46  6:41  Infestation Pit  
  43  6:51  Zergling x6  
  43  6:52  Zergling x2  
  43  6:53  Zergling x12  
  38  7:06  Drone x2  
  38  7:17  Drone x2  
  38  7:21  Corruptor x3  
  38  7:22  Corruptor  
  48  7:23  Corruptor  
  48  7:24  Mutalisk  
  50  7:39  Hive  
  50  7:42  Mutalisk  
  50  7:44  Drone  
  51  7:59  Spire  
  51  8:00  Drone  
  51  8:07  Drone x2  
  51  8:08  Drone  
  54  8:14  Drone x2  
  56  8:20  Drone  
  56  8:21  Drone  
  56  8:23  Drone  
  59  8:27  Drone  
  59  8:28  Drone  
  61  8:35  Drone x2  
  61  8:36  Drone  
  61  8:38  Drone  
  58  9:04  Drone x5  
  58  9:06  Overlord  
  58  9:07  Overlord x2  
  60  9:13  Mutalisk x2  
  60  9:14  Mutalisk  
  66  9:23  Mutalisk  
  66  9:24  Mutalisk  
  66  9:30  Drone x2  
  68  9:40  Drone, Mutalisk x2  
  73  9:47  Drone  
  74  9:56  Mutalisk x3  
  80  10:02  Mutalisk  
  80  10:16  Drone  
  80  10:17  Drone x2  
  80  10:18  Spine Crawler  
  82  10:21  Spine Crawler  
  81  10:31  Mutalisk  
  81  10:32  Mutalisk x2  
  78  10:59  Ultralisk Cavern  
  78  11:01  Zerg Melee Weapons Level 1  
  78  11:04  Drone x3  
  78  11:05  Evolution Chamber  
  78  11:07  Hatchery  
  78  11:14  Greater Spire  
  78  11:17  Drone  
  79  11:20  Zergling x10  
  79  11:21  Zergling x6  
  87  11:36  Queen  
  87  11:38  Drone  
  87  11:39  Drone  
  91  11:56  Ultralisk  
  96  12:23  Drone x3  
  96  12:24  Drone  
  96  12:29  Ultralisk  
  106  12:30  Zergling x4  
  106  12:31  Zergling x4  
  102  12:59  Drone x6  
  101  13:21  Corruptor x2  
  101  13:22  Corruptor  
  103  13:33  Drone x2  
  103  13:34  Drone x4  
  109  13:42  Brood Lord x3  
  109  13:43  Brood Lord  
  109  13:45  Drone x2  
  109  13:48  Zergling x12  
  123  13:51  Extractor  
  123  13:52  Extractor  
  123  13:55  Drone  
  123  13:56  Drone  
  123  14:01  Zerg Melee Weapons Level 2  
  114  14:17  Hatchery  
  109  14:33  Corruptor  
  109  14:34  Corruptor x2  
  109  14:35  Zergling x10  
  109  14:36  Zergling x2  
  82  14:57  Corruptor x2  
  76  15:00  Zergling x8  
  76  15:01  Zergling x4  
  76  15:04  Corruptor  
  77  15:27  Drone x2, Spire  
  77  15:28  Drone x2  
  78  15:30  Extractor  
  78  15:32  Drone  
  71  15:52  Drone  
  71  15:53  Drone x5  
  66  16:22  Drone x5  
  66  16:23  Drone x3  
  71  16:25  Drone  
  72  16:32  Spore Crawler  
  72  16:33  Spore Crawler  
  72  16:36  Drone x2, Ultralisk Cavern  
  72  16:38  Spine Crawler  
  65  16:40  Spine Crawler  
  65  16:42  Spine Crawler  
  62  16:47  Spine Crawler  
  62  16:54  Drone x3, Mutalisk  
  61  16:55  Mutalisk x2  
  61  16:56  Corruptor x4  
  74  17:07  Drone x6  
  78  17:10  Corruptor x2  
  78  17:11  Spine Crawler, Zergling x2  
  78  17:12  Spine Crawler, Zergling x12  
  78  17:13  Zergling x6  
  90  17:37  Drone x2, Spine Crawler x2  
  89  17:38  Drone x2  
  85  17:52  Drone x2  
  85  17:55  Spine Crawler  
  85  17:56  Drone x2  
  88  18:04  Corruptor x2  
  88  18:05  Mutalisk x2, Corruptor x2  
  87  18:07  Drone x2  
  95  18:22  Drone x2  
  97  18:34  Drone x7  
  84  18:49  Corruptor  
  84  18:52  Zergling x8, Ultralisk  
  84  18:53  Zergling x16  
  84  18:54  Drone x4  
  90  19:04  Drone x3, Corruptor  
  90  19:05  Zergling x2  
  96  19:11  Extractor  
  96  19:12  Spine Crawler  
  96  19:14  Extractor  
  96  19:15  Extractor, Spine Crawler  
Show
View Real Time Build Order
Export as new Build Order

Massa Terran 

Build Orders:  

Get SALT Encoding   

  12  0:01  SCV  
  13  0:13  SCV  
  14  0:23  Supply Depot  
  14  0:25  SCV  
  15  0:30  Refinery  
  15  0:45  SCV  
  15  0:47  Barracks  
  16  0:56  Refinery  
  16  0:57  SCV  
  17  1:09  SCV  
  18  1:21  SCV  
  19  1:34  Reaper  
  19  1:36  Factory  
  20  1:40  Supply Depot  
  20  1:43  SCV  
  21  1:55  SCV  
  22  2:06  Marine  
  23  2:23  Marine  
  24  2:34  Hellion  
  26  2:38  Orbital Command, Supply Depot  
  26  2:49  Command Center  
  26  2:50  Marine  
  28  2:58  Hellion  
  28  3:10  SCV  
  31  3:20  Hellion  
  31  3:22  SCV, Supply Depot  
  32  3:30  Barracks  
  32  3:32  Barracks Reactor  
  34  3:41  Widow Mine  
  34  3:57  SCV  
  37  4:02  Widow Mine  
  37  4:06  Starport  
  37  4:09  SCV  
  40  4:24  Widow Mine  
  40  4:45  Hellion  
  36  5:07  Widow Mine  
  32  5:28  SCV x2  
  32  5:39  Barracks Tech Lab  
  32  5:40  SCV, Marine x2  
  34  5:46  Orbital Command  
  34  5:48  Command Center  
  33  5:52  SCV, Command Center  
  33  5:54  Starport Reactor  
  34  5:57  Marine  
  34  5:58  Marine  
  34  6:00  Barracks  
  34  6:02  Engineering Bay  
  36  6:05  Marauder  
  36  6:06  Stimpack  
  36  6:10  SCV  
  39  6:11  SCV  
  39  6:15  Marine  
  41  6:22  SCV, Supply Depot  
  41  6:24  SCV  
  43  6:26  Marauder, Supply Depot  
  43  6:30  Medivac  
  43  6:32  Liberator  
  50  6:34  SCV  
  50  6:35  Marine x2  
  53  6:47  Marauder  
  53  6:53  Marine  
  52  7:14  Marauder, Marine x3  
  33  7:31  Marine  
  33  7:35  Marauder  
  33  7:38  Marine x2  
  35  7:47  Factory Tech Lab  
  35  7:49  Marine  
  36  7:54  Orbital Command  
  36  7:56  Marauder, Marine x2  
  36  7:57  SCV x2  
  42  8:07  Marine  
  42  8:09  SCV x2  
  42  8:12  SCV  
  46  8:18  Marauder  
  48  8:21  SCV x2  
  48  8:24  Barracks Reactor  
  50  8:27  Missile Turret  
  50  8:30  Combat Shield  
  51  8:38  Orbital Command  
  49  9:02  SCV x3  
  52  9:11  Missile Turret  
  52  9:14  SCV x3  
  52  9:15  SCV  
  56  9:24  Marine  
  56  9:26  Cyclone, SCV x3  
  56  9:27  SCV  
  64  9:32  Medivac  
  64  9:38  SCV  
  67  9:42  SCV x3  
  67  9:45  Marine x4  
  73  9:49  Concussive Shells  
  73  9:50  SCV  
  75  9:54  SCV  
  76  10:11  SCV x4  
  76  10:12  Marine x2  
  76  10:13  Marauder, Marine x2  
  86  10:14  Viking  
  86  10:16  Viking  
  90  10:23  SCV x3  
  90  10:27  SCV  
  94  10:34  Marauder, Missile Turret  
  94  10:35  SCV x3  
  99  10:39  SCV  
  99  10:40  Missile Turret  
  99  10:42  Marine x2  
  100  10:43  Refinery, Marine x2  
  100  10:47  SCV, Siege Tank  
  108  10:55  Marauder  
  107  11:02  Supply Depot  
  107  11:05  Supply Depot  
  107  11:15  SCV  
  108  11:24  SCV x3, Viking x2  
  115  11:27  SCV  
  115  11:28  Terran Infantry Armor Level 1  
  116  11:33  Armory  
  116  11:36  SCV x2, Engineering Bay  
  118  11:42  Refinery  
  118  11:48  Refinery  
  118  11:50  Refinery, Missile Turret  
  118  11:54  Marauder, Marine x3, Missile Turret  
  123  12:20  Supply Depot x2  
  123  12:21  Supply Depot  
  123  12:23  Starport  
  123  12:27  Starport  
  123  12:38  Starport  
  123  12:41  Marauder, Viking x2  
  123  12:42  Supply Depot  
  123  12:43  Supply Depot  
  129  12:44  Marine x2  
  129  12:45  Marine x2  
  129  12:46  Supply Depot  
  133  13:02  Marine  
  133  13:03  Marauder  
  133  13:05  Supply Depot  
  136  13:07  Supply Depot  
  136  13:10  Supply Depot  
  136  13:11  Medivac  
  136  13:12  Orbital Command, Command Center  
  138  13:17  SCV  
  138  13:18  SCV x2  
  141  13:24  Marauder  
  141  13:25  Starport Tech Lab  
  141  13:26  Starport Tech Lab x2  
  143  13:27  Terran Infantry Armor Level 2  
  143  13:29  Terran Infantry Weapons Level 1  
  143  13:30  SCV x3  
  149  13:34  Siege Tank  
  149  13:41  Sensor Tower  
  149  13:42  SCV x3  
  149  13:46  Marauder, Marine x4  
  158  14:00  SCV x4  
  162  14:03  Marine  
  162  14:04  Marine x3  
  162  14:07  Marauder  
  168  14:12  SCV x3  
  168  14:13  SCV  
  170  14:17  Siege Tank  
  170  14:21  Marine x2  
  170  14:22  Marine x2  
  177  14:25  SCV x3  
  177  14:29  Marauder  
  179  14:39  Marine x4  
  183  14:49  Siege Tank  
  183  14:50  Marauder  
  188  14:57  Marine x2  
  176  15:04  Missile Turret x2  
  176  15:05  Missile Turret x2  
  147  15:10  Missile Turret  
  147  15:11  Marauder  
  143  15:22  Marine x4  
  143  15:24  Thor  
  143  15:26  Raven x2  
  143  15:28  Raven  
  159  15:29  Viking x2  
  159  15:33  Refinery, Marauder  
  165  15:35  Refinery  
  165  15:40  SCV, Marine x4  
  165  15:41  SCV x3  
  173  15:45  Command Center  
  173  15:53  SCV x2  
  173  15:54  Marauder  
  177  15:57  Marine x2  
  177  15:58  Marine x2  
  177  16:00  Smart Servos  
  181  16:05  Factory  
  181  16:07  Thor  
  187  16:15  Marine x2  
  187  16:16  Marauder, Marine x2  
  193  16:36  Marine  
  194  16:53  Factory Reactor  
  194  16:55  Marauder  
  194  16:57  Orbital Command  
  194  16:59  Planetary Fortress  
  196  17:04  Missile Turret  
  196  17:16  Marauder  
  196  17:17  Refinery  
  196  17:18  Drilling Claws  
  198  17:24  Missile Turret  
  198  17:38  Marauder  
  200  17:45  Missile Turret  
  200  17:49  Missile Turret  
  200  17:50  Missile Turret  
  200  17:58  Sensor Tower  
  200  18:02  Corvid Reactor  
  200  18:06  Missile Turret  
  200  18:09  Missile Turret  
  200  18:10  Armory  
  200  18:14  Missile Turret  
  200  18:24  Sensor Tower  
  200  18:27  Missile Turret  
  200  18:32  Missile Turret  
  196  18:36  Missile Turret  
  167  18:48  Thor  
  167  18:50  Widow Mine x2  
  167  18:51  Missile Turret  
  167  18:55  Marauder, Missile Turret  
  173  18:56  Marine x4  
  173  18:57  Missile Turret  
  136  19:12  Widow Mine x2  
  136  19:13  Marine, Missile Turret  
  136  19:14  Marine x3  
  136  19:15  Missile Turret  
  117  19:20  Missile Turret  
Show
View Real Time Build Order
Export as new Build Order

himsir Terran - Winner!

Build Orders: Reaper Expand 

Get SALT Encoding   

  12  0:01  SCV  
  14  0:14  SCV  
  14  0:19  Supply Depot  
  14  0:26  SCV  
  15  0:40  SCV  
  16  0:43  Refinery  
  16  0:46  Barracks  
  16  0:53  SCV  
  17  1:09  SCV  
  18  1:22  SCV  
  19  1:33  Reaper  
  20  1:40  Command Center  
  20  1:43  Orbital Command  
  20  2:14  Supply Depot  
  20  2:15  Factory  
  20  2:16  SCV  
  21  2:24  Reaper  
  22  2:37  SCV  
  23  2:51  SCV  
  24  2:59  Factory Reactor  
  24  3:01  Refinery  
  24  3:08  Orbital Command  
  24  3:10  Refinery  
  24  3:15  Supply Depot  
  24  3:17  SCV, Engineering Bay  
  25  3:28  Barracks Tech Lab  
  25  3:29  SCV  
  25  3:31  Starport  
  26  3:52  SCV  
  26  3:53  SCV  
  26  3:55  Refinery, Hellion  
  32  3:56  Hellion  
  32  4:17  Fusion Core  
  32  4:28  Hellion x2  
  32  4:50  SCV x2  
  34  5:02  SCV  
  34  5:04  SCV  
  34  5:07  Battlecruiser  
  42  5:14  SCV  
  42  5:16  SCV, Command Center  
  42  5:18  Supply Depot  
  42  5:21  Supply Depot  
  43  5:26  SCV  
  44  5:29  SCV  
  45  5:38  SCV  
  45  5:41  SCV  
  42  5:50  SCV  
  42  5:54  SCV  
  42  5:56  Hellion x2  
  44  6:00  Weapon Refit  
  44  6:02  SCV  
  45  6:06  SCV  
  46  6:11  Supply Depot  
  46  6:18  SCV  
  47  6:40  SCV  
  47  6:41  SCV  
  49  6:47  Armory  
  49  6:53  SCV  
  50  7:26  Orbital Command  
  50  7:29  Hellion x2  
  54  7:32  Factory  
  54  7:33  Factory  
  54  7:48  SCV x2  
  54  7:51  Hellion  
  58  7:57  Factory  
  58  7:58  Factory  
  58  8:00  SCV  
  58  8:02  Command Center  
  51  8:06  Terran Vehicle And Ship Armor Level 1  
  51  8:08  Battlecruiser  
  51  8:11  Barracks Tech Lab  
  57  8:18  Factory Reactor  
  57  8:22  Factory Tech Lab  
  57  8:24  SCV x3  
  60  8:36  SCV x3  
  60  8:39  Missile Turret  
  63  8:43  Factory Tech Lab x2, Missile Turret  
  63  8:48  SCV x3  
  66  9:00  Missile Turret  
  70  9:03  Widow Mine x2  
  70  9:04  Thor x3  
  88  9:18  Supply Depot  
  88  9:20  Planetary Fortress  
  86  9:29  Missile Turret  
  86  9:30  Missile Turret  
  80  9:32  Refinery  
  80  9:33  Refinery  
  80  9:34  Missile Turret  
  80  9:36  Hellion x2  
  80  9:37  Hellion x2  
  84  9:42  Supply Depot  
  84  9:43  Supply Depot  
  84  9:47  Hellion x2  
  88  10:08  Thor  
  88  10:09  Terran Vehicle And Ship Armor Level 2  
  88  10:13  Armory  
  88  11:09  Battlecruiser  
  94  11:13  Command Center  
  94  11:14  Terran Vehicle Weapons Level 1  
  94  11:17  Armory  
  94  11:18  SCV  
  94  11:19  Starport, SCV x3  
  98  11:30  Hellion x4, Command Center  
  98  11:32  Hi-Sec Auto Tracking  
  106  11:45  SCV x3  
  109  12:10  Starport Tech Lab  
  97  12:17  Refinery  
  97  12:25  SCV x2  
  97  12:26  Sensor Tower  
  97  12:29  Neosteel Armor  
  99  12:33  Terran Vehicle And Ship Armor Level 3  
  99  12:34  Sensor Tower, Terran Ship Weapons Level 1  
  99  12:37  Battlecruiser x2  
  99  12:40  Missile Turret  
  111  12:55  Thor x2  
  123  13:01  Missile Turret  
  123  13:23  Supply Depot  
  123  13:29  Planetary Fortress  
  123  13:31  SCV  
  123  13:32  SCV x2  
  123  13:33  Refinery  
  126  13:45  SCV x3  
  126  13:46  Thor x2  
  141  13:52  Planetary Fortress  
  121  14:36  Thor x3  
  121  14:38  Hellion x3  
  139  15:07  Battlecruiser x2  
  139  15:08  Hellion x2  
  139  15:09  Hellion x2  
  147  15:19  Thor  
  147  15:20  Hellion x2  
  157  15:29  Terran Vehicle Weapons Level 2  
  157  15:30  Hellion  
  157  15:31  Terran Ship Weapons Level 2  
  159  16:07  Refinery  
  159  16:09  SCV x3  
  162  16:11  Refinery  
  162  16:20  Battlecruiser x2  
  174  16:48  Hellion  
  174  16:49  Hellion  
  178  16:57  Supply Depot  
  178  16:59  Supply Depot  
  178  17:00  Supply Depot  
  178  17:01  Supply Depot  
  178  17:18  Thor  
  178  17:19  Hellion  
  178  17:20  Hellion, Thor  
  178  17:22  Hellion x3  
  200  17:35  Infernal Pre-Igniter  
  198  17:49  Battlecruiser  
  196  18:01  Thor  
  196  18:03  Thor  
Show
View Real Time Build Order
Export as new Build Order

Alphonsekarr Terran - Winner!

Build Orders: Reaper Expand 

Get SALT Encoding   

  12  0:00  SCV  
  14  0:14  SCV  
  14  0:17  Supply Depot  
  14  0:26  SCV  
  15  0:42  SCV, Barracks  
  16  0:46  Refinery  
  16  0:54  SCV  
  17  1:17  SCV  
  18  1:30  Reaper  
  18  1:31  Orbital Command  
  19  1:42  Command Center  
  19  1:58  SCV  
  20  2:06  Barracks Reactor  
  20  2:18  Refinery  
  20  2:28  Supply Depot  
  20  2:34  Factory  
  20  2:36  SCV  
  21  2:48  Marine x2  
  23  2:54  Orbital Command  
  23  2:58  SCV  
  24  3:10  SCV  
  25  3:21  Starport  
  25  3:22  SCV  
  25  3:25  Hellion x2  
  25  3:26  SCV  
  31  3:27  Orbital Command, Supply Depot  
  31  3:34  SCV  
  32  3:51  Hellion x2, Bunker  
  36  3:58  Factory  
  36  3:59  Medivac  
  36  4:00  SCV  
  39  4:07  Barracks Tech Lab  
  36  4:23  Hellion x2  
  25  4:34  SCV  
  25  4:35  SCV  
  26  4:52  Marine  
  26  4:53  Hellion x2  
  29  5:11  Siege Tank  
  32  5:16  Medivac  
  32  5:17  SCV x2  
  36  5:25  Hellion x2  
  40  5:29  SCV  
  40  5:30  SCV  
  42  5:42  SCV x2  
  46  5:50  Hellion x2  
  48  6:03  SCV  
  49  6:14  SCV  
  49  6:15  Starport Reactor  
  50  6:20  Supply Depot  
  50  6:23  SCV  
  50  6:25  Refinery  
  51  6:27  SCV  
  51  6:28  Refinery  
  51  6:29  Command Center  
  51  6:30  Hellion  
  54  6:41  Supply Depot  
  54  6:42  Hellion  
  56  7:01  Hellion  
  56  7:02  Siege Tank  
  59  7:29  Hellion x2, Medivac x2  
  61  7:39  Hellion  
  61  7:42  SCV x2  
  65  7:51  Widow Mine x2  
  65  7:54  SCV x2  
  67  7:59  Armory  
  67  8:00  Armory  
  67  8:06  SCV  
  68  8:20  Orbital Command  
  68  8:25  SCV  
  68  8:26  SCV, Supply Depot  
  70  8:34  Supply Depot  
  70  8:38  SCV x2, Supply Depot  
  70  8:40  Engineering Bay  
  66  8:50  SCV  
  66  8:52  Thor  
  66  8:54  Widow Mine x2  
  73  9:01  SCV  
  68  9:06  Factory  
  68  9:08  Missile Turret x2  
  68  9:14  SCV x2  
  68  9:15  SCV  
  71  9:18  Terran Vehicle And Ship Armor Level 1, Terran Vehicle Weapons Level 1  
  71  9:22  Missile Turret  
  71  9:30  SCV  
  72  9:31  SCV  
  74  9:42  SCV, Hellion, Thor  
  74  9:43  Hellion  
  84  9:52  Factory  
  84  9:56  Orbital Command  
  84  10:03  Viking  
  84  10:04  Viking  
  88  10:07  SCV x2  
  88  10:10  Factory  
  88  10:12  Factory Tech Lab  
  88  10:14  Hellion x2, Missile Turret  
  94  10:19  SCV  
  95  10:25  SCV  
  97  10:31  SCV  
  97  10:35  Missile Turret  
  94  10:37  SCV  
  95  10:44  Orbital Command  
  95  10:49  Command Center  
  95  10:57  SCV, Marine  
  95  10:58  SCV  
  98  11:07  Hellion x2  
  98  11:10  SCV x2  
  104  11:12  Terran Vehicle Weapons Level 2  
  104  11:15  Marine  
  105  11:26  Sensor Tower  
  105  11:27  Hellion  
  107  11:36  Missile Turret  
  107  11:37  Missile Turret  
  107  11:38  Missile Turret  
  107  11:42  Hellion  
  109  11:47  Hellion  
  109  11:48  Supply Depot  
  109  11:49  Supply Depot  
  109  11:50  SCV x2  
  110  12:02  Siege Tank  
  110  12:06  Viking x2  
  110  12:07  SCV  
  110  12:08  Missile Turret  
  118  12:10  Orbital Command  
  118  12:12  SCV  
  118  12:14  SCV  
  119  12:19  Bunker  
  119  12:21  Neosteel Armor  
  119  12:34  Missile Turret, Siege Tank  
  122  12:38  Siege Tank  
  121  13:01  Missile Turret, Viking x2  
  125  13:12  Missile Turret  
  125  13:18  Missile Turret  
  125  13:28  Terran Vehicle And Ship Armor Level 2, Thor  
  125  13:30  Hellion x2  
  125  13:31  Hellion  
  137  13:34  Siege Tank  
  137  13:37  Terran Vehicle Weapons Level 3  
  140  13:43  Viking  
  140  13:44  Viking  
  140  13:45  SCV  
  145  13:50  Orbital Command  
  145  13:59  Missile Turret  
  145  14:05  Missile Turret  
  145  14:06  Hellion  
  145  14:07  Missile Turret, Infernal Pre-Igniter  
  145  14:09  Factory Tech Lab x2  
  147  14:10  Missile Turret  
  147  14:13  Supply Depot  
  147  14:16  Supply Depot  
  149  14:17  Hellion  
  137  14:46  Thor x2  
  120  15:00  Hellion x2, Thor  
  108  15:09  Viking  
  108  15:10  SCV  
  109  15:17  Refinery  
  101  15:26  SCV  
  102  15:31  Missile Turret  
  102  15:33  Hellion x2, Thor  
  112  15:41  Refinery, Viking  
  114  15:55  Hellion x3  
  120  16:21  Thor, Siege Tank  
  120  16:23  Hellion x2  
  133  16:27  Missile Turret  
  133  16:31  Missile Turret x2  
  133  16:33  SCV  
  134  16:42  Thor  
  140  16:52  Thor  
  140  16:53  Hellion x2  
  150  17:03  Starport  
  142  17:09  Barracks Reactor  
  142  17:10  Command Center  
  142  17:23  Siege Tank x2  
  142  17:29  Hellion x2  
  152  17:39  Thor, Hellbat  
  152  17:42  Viking  
  162  17:59  Thor  
  168  18:09  Sensor Tower  
  168  18:11  Missile Turret  
  168  18:13  Missile Turret  
  168  18:15  Missile Turret  
  168  18:16  Hellion x2  
  172  18:22  Viking x2  
  172  18:25  Refinery  
  175  18:30  Barracks Tech Lab  
  171  18:48  Refinery  
  165  18:49  Hellion  
  165  18:50  Hellion  
  172  19:07  Supply Depot x2  
  172  19:08  Supply Depot  
  167  19:14  Hellion x2  
Tags
 
Add a new tag
Caveats
  • Supply blocks, unpowered buildings, or Contaminate may cause inaccurate times.
  • Supply counts are checked every 10 seconds.